 Dungeon Crawl Stone Soup version 0.25.0-15-gac7dcb8919 (webtiles) character file.

Game seed: 8951093409892479704

2912 grindst0ne the Schismatic (level 10, -4/120 HPs)
             Began as a Human Abyssal Knight on June 28, 2020.
             Was an Elder of Lugonu.
             Killed from afar by Maggie (15 damage)
             ... with a bolt of fire
             ... on level 7 of the Dungeon.
             The game lasted 00:17:51 (10487 turns).

grindst0ne the Schismatic (Human Abyssal Knight)   Turns: 10487, Time: 00:17:52

Health: -4/120     AC: 25    Str: 16      XL:     10   Next: 6%
Magic:  16/16      EV:  2    Int: 15      God:    Lugonu [****..]
Gold:   72         SH:  0    Dex: 14 (15) Spells: 9/9 levels left

rFire    . . .     SeeInvis .   n - +2 halberd (vamp)
rCold    + . .     Gourm    .   (shield currently unavailable)
rNeg     + + +     Faith    .   (armour currently unavailable)
rPois    +         Spirit   .   (helmet currently unavailable)
rElec    .         Reflect  .   (cloak currently unavailable)
rCorr    .         Harm     .   (gloves currently unavailable)
MR       +....     NoTele   +   (boots currently unavailable)
Stlth    +.........             (no amulet)
HPRegen  0.30/turn              r - ring of Ciggeots {*Drain rC+ MR+ Int+3}
MPRegen  0.15/turn              (no ring)

@: tree-form, mesmerised, drained
A: agile 1
a: Depart the Abyss, Bend Space, Banish, Corrupt, Renounce Religion


You were on level 7 of the Dungeon.
You worshipped Lugonu.
Lugonu was greatly pleased with you.
You were not hungry.
You were a tree.
You visited 1 branch of the dungeon, and saw 7 of its levels.
You visited the Abyss 1 time.
You also visited: Ossuary.

You collected 292 gold pieces.
You spent 220 gold pieces at shops.

Inventory:

Hand Weapons
 a - a +1 hand axe
 n - a +2 vampiric halberd (weapon)
 y - a +3 vorpal flail
 C - a +0 war axe
Missiles
 k - 26 poisoned darts (quivered)
 v - 5 javelins
Armour
 d - a scarf of repulsion (melded)
 i - a +0 pair of boots (melded)
 l - a +0 helmet
 m - a +0 scale mail
 B - a +0 chain mail (melded)
 H - a cursed +0 buckler
Jewellery
 f - an uncursed ring of poison resistance
 r - the ring of Ciggeots (left branch) {*Drain rC+ MR+ Int+3}
   (You found it on level 4 of the Dungeon)

   [ring of protection from cold]

   It affects your intelligence (+3).
   It protects you from cold.
   It affects your resistance to hostile enchantments.
   It causes draining when unequipped.
Wands
 D - a wand of flame (1)
Scrolls
 e - 2 scrolls of fear
 g - 8 scrolls of remove curse
 o - 4 scrolls of immolation
 s - 5 scrolls of teleportation
 t - a scroll of enchant weapon
 u - a scroll of amnesia
 A - a scroll of magic mapping {unknown}
 E - 2 scrolls of identify
Potions
 b - a potion of mutation
 h - 4 potions of brilliance
 j - 3 potions of curing
 p - a potion of lignification
 q - a potion of invisibility
 w - a potion of resistance
 z - a potion of cancellation
 G - a potion of ambrosia
Comestibles
 c - 12 rations
 F - 3 chunks of flesh


   Skills:
 + Level 8.2(7.5) Fighting
 + Level 7.9(7.2) Axes
 - Level 2.0(1.4) Armour
 - Level 1.0(0.4) Dodging
 + Level 8.6(7.9) Invocations


You had 9 spell levels left.
You didn't know any spells.
Your spell library contained the following spells:

 Spells                   Type           Power        Failure   Level  Hunger
 Corona                   Hex            #......      26%         1    ##.....
 Ensorcelled Hibernation  Hex/Ice        #.....       38%         2    ###....
 Confusing Touch          Hex            #.......     63%         3    ####...
 Dazzling Flash           Conj/Hex       #.....       63%         3    ####...
 Tukima's Dance           Hex            #.......     63%         3    ####...


Dungeon Overview and Level Annotations

Branches:
Dungeon (7/15)             Temple (0/1) D:5         Ossuary (visited)

Altars:
Elyvilon
Hepliaklqana
Kikubaaqudgha
Nemelex Xobeh
Qazlal
Sif Muna
Trog
Xom
Zin

Shops:
D:4 !   D:5 }

Annotations:
D:4 1 exclusion
D:7 Maggie


Innate Abilities, Weirdness & Mutations

((You have a pair of small horns on your head.))
You are agile. (Dex +2)
((Your flesh is cold resistant. (rC+)))


Message History

Your roots penetrate the ground.
Maggie hits you but does no damage.
Evoke which item? (* to show all) (? for menu, Esc to quit)
Okay, then.
You puncture Maggie!
Maggie is almost dead.
Maggie hits you with a +0 glaive.
* * * LOW HITPOINT WARNING * * *
You hit Maggie but do no damage.
Maggie is almost dead.
Maggie hits you but does no damage.
You closely miss Maggie.
Maggie is almost dead.
Maggie points at you and mumbles some strange words.
The bolt of fire hits you!
* * * LOW HITPOINT WARNING * * *
You barely miss Maggie.
Maggie is almost dead.
Maggie casts a spell at you. The bolt of fire hits you!
You die...

......##.....# #.#
......###+#### ......#
......# # ###+ ......#
#. ..... ##'####
#.#######+#..... ##.#
#............... ##.#
#........@......
##+######.......♣.......
.......##...............
.......++..........#####
.......##..........#
.......++.....$....#
.......##..........#
)......#....########
.......#.......$.
.......#.........


You could see Maggie (mesmerising).

Vanquished Creatures
  Grinder (D:6)
  Prince Ribbit (D:5)
  Sigmund (D:6)
  Menkaure (D:5)
  Edmund (D:5)
  An ice beast (D:7)
  An orc warrior (D:6)
  3 phantoms
  A centaur (D:6)
  A bullfrog (D:7)
  A scorpion (D:7)
  10 wights
  3 crimson imps
  2 centaur zombies
  5 orc priests
  A jelly (D:5)
  A gnoll shaman (D:6)
  2 hounds
  A human zombie (Ossuary)
  An iguana (D:6)
  A bullfrog skeleton (D:4)
  2 worker ants
  Natasha (thrice) (D:2)
  3 orc wizards
  A hound skeleton (D:4)
  3 mummies (Ossuary)
  Robin (D:2)
  3 gnolls (D:6)
  13 adders
  2 oozes (D:3)
  4 worms
  2 dart slugs
  2 leopard geckos
  19 orcs
  3 giant cockroaches
  A gnoll zombie (Ossuary)
  18 goblins
  5 hobgoblins
  9 jackals
  5 kobolds
  9 quokkas
  2 ball pythons
  6 bats
  6 frilled lizards
  A goblin zombie (Ossuary)
  2 kobold zombies (Ossuary)
  2 orc zombies (Ossuary)
  5 rats
172 creatures vanquished.

Notes
Turn   | Place    | Note
-------+----------+-------------------------------------------
     0 | Abyss:1  | grindst0ne the Human Abyssal Knight began the quest for the
                  | Orb.
     0 | Abyss:1  | Reached XP level 1. HP: 18/18 MP: 2/2
    91 | Abyss:1  | Noticed a starcursed mass
    92 | Abyss:1  | Noticed a starcursed mass
    93 | D:1      | Escaped the Abyss
   334 | D:1      | Reached * piety under Lugonu
   344 | D:1      | Reached XP level 2. HP: 19/24 MP: 3/3
   898 | D:2      | Reached XP level 3. HP: 15/29 MP: 4/4
  1110 | D:2      | Noticed Natasha
  1125 | D:2      | Killed Natasha
  1125 | D:2      | Reached XP level 4. HP: 27/36 MP: 4/6
  1253 | D:2      | Noticed Natasha
  1260 | D:2      | Killed Natasha
  1359 | D:2      | Reached XP level 5. HP: 25/42 MP: 7/7
  1704 | D:2      | Noticed Natasha
  1707 | D:2      | Noticed Robin
  1893 | D:2      | Killed Robin
  1915 | D:2      | Killed Natasha
  3014 | D:2      | Reached XP level 6. HP: 24/49 MP: 8/8
  3266 | D:3      | Reached ** piety under Lugonu
  4409 | D:4      | Got a wavering pewter ring
  4410 | D:4      | Identified the ring of Ciggeots {*Drain rC+ MR+ Int+3} (You
                  | found it on level 4 of the Dungeon)
  4698 | D:4      | Found a stormy altar of Qazlal.
  4833 | D:4      | Reached XP level 7. HP: 49/55 MP: 10/10
  4902 | D:4      | Found an ancient bone altar of Kikubaaqudgha.
  4902 | D:4      | Found a glowing silver altar of Zin.
  5018 | D:4      | Reached skill level 5 in Fighting
  5129 | D:4      | Found a shimmering blue altar of Sif Muna.
  5301 | D:4      | Found Kigguzxo's Distillery.
  5309 | D:4      | Bought a potion of resistance for 110 gold pieces
  5309 | D:4      | Bought a potion of haste for 110 gold pieces
  5516 | D:5      | Entered Level 5 of the Dungeon
  5516 | D:5      | Noticed Edmund
  5570 | D:5      | Killed Edmund
  5570 | D:5      | Reached skill level 5 in Invocations
  5881 | D:5      | Noticed Prince Ribbit
  5906 | D:5      | Killed Prince Ribbit
  5906 | D:5      | Reached skill level 5 in Axes
  5906 | D:5      | Reached XP level 8. HP: 28/64 MP: 10/12
  6168 | D:5      | Found a staircase to the Ecumenical Temple.
  6168 | D:5      | Noticed Menkaure
  6176 | D:5      | Killed Menkaure
  6894 | D:5      | Found Econwun's Gadget Shoppe.
  7546 | D:6      | Found a bloodstained altar of Trog.
  7547 | D:6      | Found a hazy altar of Hepliaklqana.
  7548 | D:6      | Found a white marble altar of Elyvilon.
  7678 | D:6      | Noticed Grinder
  7708 | D:6      | Killed Grinder
  7708 | D:6      | Reached XP level 9. HP: 45/71 MP: 12/14
  7789 | D:6      | Reached *** piety under Lugonu
  7934 | D:6      | Noticed Sigmund
  7940 | D:6      | Found a sand-covered staircase.
  7945 | Ossuary  | Entered an ossuary
  8152 | Ossuary  | Gained mutation: You have a pair of small horns on your
                  | head. [potion of mutation]
  8152 | Ossuary  | Gained mutation: Your flesh is cold resistant. (rC+)
                  | [potion of mutation]
  8152 | Ossuary  | Gained mutation: You are agile. (Dex +2) [potion of
                  | mutation]
  8412 | D:6      | Killed Sigmund
  8462 | D:6      | Found a sparkling altar of Nemelex Xobeh.
  9195 | D:6      | Found a shimmering altar of Xom.
  9906 | D:6      | Reached **** piety under Lugonu
 10313 | D:7      | Reached XP level 10. HP: 71/80 MP: 16/16
 10462 | D:7      | Noticed Maggie
 10487 | D:7      | Killed from afar by Maggie

Illustrated notes

Levels and vault maps discovered:
D:1:      dpeg_arrival_tiny_d, layout_rooms, ebering_dispersal_statue_hall
D:2:      layout_basic, uniq_robin, uniq_natasha
D:3:      layout_basic, corexii_corridor_pit
D:4:      layout_basic, led_sif_book, nicolae_qazlal_general_emergency,
          gammafunk_temple_overflow_statue, serial_shops,
          nicolae_shop_statue_plus
D:5:      layout_basic, minmay_temple_entry_metal_lava, first_ration,
          serial_shops, shop, uniq_prince_ribbit1, uniq_menkaure, uniq_edmund
D:6:      layout_loops_cross, minitemple, nemelex_xobeh_ov_fountains_minmay,
          xom_teletrap_fun, enter_ossuary_2, uniq_grinder, uniq_sigmund
D:7:      layout_basic, fedhas_altar_3, serial_shops, shop, lightli_orcish_oven,
          uniq_maggie

Skill      XL: |  1  2  3  4  5  6  7  8  9 |
---------------+----------------------------+-----
Invocations    | 3 4 5 6 8 |  8.6
Axes           | 3 4 5 6 7 |  7.9
Fighting       | 4 5 6 8 |  8.2
Armour         | |  2.0
Dodging        | |  1.0

Action                   |  1- 3 |  4- 6 |  7- 9 | 10-12 || total
-------------------------+-------+-------+-------+-------++-------
Melee: Hand axe          |    62 |   291 |    71 |       ||   424
       Flail             |       |       |   241 |       ||   241
       Halberd           |       |       |    82 |    28 ||   110
       Headbutt          |       |       |    24 |       ||    24
Throw: Dart              |     3 |    11 |     5 |       ||    19
Invok: Depart the Abyss  |     1 |       |       |       ||     1
Evoke: Wand              |       |       |    21 |       ||    21
  Use: Scroll            |     1 |     8 |     3 |       ||    12
       Potion            |       |     3 |     8 |     3 ||    14
 Stab: Paralysed         |       |       |    34 |       ||    34
  Eat: Chunk             |     1 |    12 |     7 |     1 ||    21
       Ration            |       |       |     3 |       ||     3
Armor: Leather armour    |    15 |    12 |       |       ||    27
       Scale mail        |       |   107 |    18 |       ||   125
       Chain mail        |       |       |   161 |     5 ||   166
       Skin              |       |       |    24 |     2 ||    26
Dodge: Dodged            |    35 |   138 |   131 |     3 ||   307
       Repelled          |       |       |     5 |       ||     5
